 Dungeon Crawl Stone Soup version 0.23.2-1-ga50397a (webtiles) character file.

Game seed: 1087466391060994658

384 xveg the Sneak (level 6, -1/30 HPs)
             Began as a Vine Stalker Ice Elementalist on May 7, 2019.
             Slain by a slave (6 damage)
             ... led by Pikel
             ... on level 4 of the Dungeon.
             The game lasted 00:17:24 (3593 turns).

xveg the Sneak (Vine Stalker Ice Elementalist)      Turns: 3593, Time: 00:17:25

Health: -1/30      AC:  4    Str: 16    XL:     6   Next: 77%
Magic:  0/11       EV: 13    Int: 17    God:
Gold:   201        SH:  0    Dex: 15    Spells: 1/11 levels left

rFire    + . .     SeeInvis .   l - +5 short sword (protect)
rCold    + . .     Gourm    .   (no shield)
rNeg     + . .     Faith    .   u - +0 leather armour
rPois    .         Spirit   +   (no helmet)
rElec    .         Reflect  .   x - scarf {rC+ rF+}
rCorr    .         Harm     .   (no gloves)
MR       .....                  k - +0 pair of boots
Stlth    ++........             (no amulet)
HPRegen  0.50/turn              r - +6 ring of strength
MPRegen  0.12/turn              h - ring of positive energy

@: lethally poisoned (-1 -> -4)
A: fangs 2, regeneration 1, magic shield, antimagic bite, no potion heal 3, rot
immunity
a: no special abilities


You were on level 4 of the Dungeon.
You were not hungry.

You visited 1 branch of the dungeon, and saw 4 of its levels.
You also visited: Sewer.

You collected 201 gold pieces.

Inventory:

Hand Weapons
 d - a +0 dagger
 i - a +0 hunting sling
 l - a +5 short sword of protection (weapon)
Missiles
 e - 121 stones (quivered)
Armour
 a - a +0 robe
 k - a +0 pair of boots (worn)
 u - a +0 leather armour (worn)
 x - a scarf of resistance (worn)
Jewellery
 h - a ring of positive energy (right hand)
 r - a +6 ring of strength (left hand)
Wands
 t - a wand of paralysis (9)
 y - a wand of flame (19)
Scrolls
 f - a scroll of remove curse
 g - 2 scrolls of magic mapping
 v - a scroll of random uselessness
 w - 2 scrolls of identify
Potions
 b - a potion of agility
 j - a potion of flight {unknown}
 m - a potion of might
 n - a potion of curing {unknown}
 o - 2 potions of cancellation
 p - a potion of magic
 q - 2 potions of brilliance
 s - a potion of blood
 z - 2 potions of haste
Comestibles
 c - 5 rations


   Skills:
 + Level 1.0 Fighting
 + Level 1.3 Short Blades
 + Level 1.4 Slings
 + Level 0.2(0.9) Throwing
 + Level 1.8 Armour
 + Level 2.8 Dodging
 + Level 4.1 Stealth
 + Level 3.1 Spellcasting
 + Level 1.5 Conjurations
 + Level 3.7 Ice Magic


You had one spell level left.
You knew the following spells:

 Your Spells              Type           Power        Failure   Level  Hunger
a - Freeze                Ice            ###.         4%          1    None
b - Throw Frost           Conj/Ice       ##....       11%         2    ##.....
c - Ozocubu's Armour      Chrm/Ice       #.......     28%         3    ###....
d - Summon Ice Beast      Ice/Summ       #.......     67%         4    ####...

Your spell library contained the following spells:

 Spells                   Type           Power        Failure   Level  Hunger
 Throw Icicle             Conj/Ice       ##......     56%         4    ####...


Dungeon Overview and Level Annotations

Branches:
Dungeon (4/15)
 Temple: D:4-7

Altars:
Elyvilon

Annotations:
D:4 Pikel


Innate Abilities, Weirdness & Mutations

You have extremely sharp teeth.
Your natural rate of healing is unusually fast.
When hurt, damage is shared between your health and your magic reserves.
Your bite disrupts and absorbs the magic of your enemies.
Potions cannot restore your health.
You are immune to rotting.


Message History

The worker ant bites you.
You are more poisoned.
The worker ant poisons you! Pikel barely misses you. The slave misses you.
Yuck - this tastes like blood.
You feel sick.
The worker ant bites you but does no damage.
The slave hits you.
* * * LOW HITPOINT WARNING * * *
Pikel closely misses you. The slave hits you but does no damage.
Unknown command.
It was a potion of cancellation.
You feel magically purged.
Your magical contamination has completely faded away.
You feel sick.
The worker ant bites you but does no damage.
The slave barely misses you. Pikel misses you. The slave closely misses you.
Unknown command.
You closely miss Pikel. Your bite misses Pikel.
Pikel is heavily wounded.
You feel sick. The worker ant closely misses you. The slave barely misses you.
Pikel closely misses you. The slave hits you!
You die...

#........##
##.......##
##.
#######.>###
#.. ##...#
#.# .# ###.#
#.# ... #.#
#.## #.# #p.
#.# #K# #
#.####@#.#
#.##.app.#
#.##.#.###
#. #.##...#
.. #....###
#a #..###
#.# #.##
..###..
..##..


You could see Pikel, 3 slaves and a worker ant.

Vanquished Creatures
  Purgy (Sewer)
  A big kobold (Sewer)
  An orc wizard (D:4)
  2 worker ants (D:4)
  6 adders
  A river rat (D:3)
  An ooze (D:1)
  A worm (D:2)
  A dart slug (D:1)
  4 leopard geckos
  2 orcs (D:4)
  2 giant cockroaches
  2 goblins (D:1)
  5 hobgoblins
  9 kobolds
  3 quokkas
  6 ball pythons
  9 bats
  4 frilled lizards
  15 rats
76 creatures vanquished.

Notes
Turn   | Place    | Note
-------+----------+-------------------------------------------
     0 | D:1      | xveg the Vine Stalker Ice Elementalist began the quest for
                  | the Orb.
     0 | D:1      | Reached XP level 1. HP: 9/9 MP: 4/4
   308 | D:1      | Reached XP level 2. HP: 13/13 MP: 6/6
   896 | D:1      | Reached XP level 3. HP: 16/16 MP: 7/7
  1084 | D:2      | Reached skill level 3 in Stealth
  1424 | D:2      | Reached skill level 1 in Slings
  1424 | D:2      | Gained mutation: Your natural rate of healing is unusually
                  | fast. [Vine Stalker growth]
  1424 | D:2      | Reached XP level 4. HP: 16/21 MP: 2/8
  1810 | D:2      | Learned a level 2 spell: Throw Frost
  1814 | D:2      | Learned a level 3 spell: Ozocubu's Armour
  2555 | D:3      | Reached XP level 5. HP: 22/24 MP: 3/10
  2857 | D:3      | Found a glowing drain.
  2865 | Sewer    | Entered a sewer
  2904 | Sewer    | Noticed Purgy
  2917 | Sewer    | Killed Purgy
  2917 | Sewer    | Reached skill level 1 in Short Blades
  2917 | Sewer    | Reached skill level 1 in Armour
  2917 | Sewer    | Reached XP level 6. HP: 29/29 MP: 11/11
  2932 | Sewer    | Learned a level 4 spell: Summon Ice Beast
  3364 | D:4      | Reached skill level 1 in Fighting
  3534 | D:4      | Reached skill level 4 in Stealth
  3575 | D:4      | Found a white marble altar of Elyvilon.
  3577 | D:4      | Noticed a slave
  3579 | D:4      | Noticed Pikel
  3581 | D:4      | Noticed a slave
  3582 | D:4      | Noticed a slave
  3583 | D:4      | Noticed a slave
  3593 | D:4      | Slain by a slave

Skill      XL: |  1  2  3  4  5  6 |
---------------+-------------------+-----
Dodging        | 2 |  2.8
Stealth        | 3 4 |  4.1
Slings         | 1 |  1.4
Short Blades   | 1 |  1.3
Armour         | 1 |  1.8
Spellcasting   | 3 |  3.1
Fighting       | 1 |  1.0
Throwing       | |  0.2
Conjurations   | |  1.5
Ice Magic      | |  3.7

Action                   |  1- 3 |  4- 6 || total
-------------------------+-------+-------++-------
Melee: Dagger            |    14 |       ||    14
       Bite              |     6 |    18 ||    24
       Short sword       |     7 |    99 ||   106
 Fire: Hunting sling     |    26 |    23 ||    49
Throw: Stone             |    21 |    14 ||    35
 Cast: Freeze            |    18 |     5 ||    23
       Throw Frost       |       |    25 ||    25
       Ozocubu's Armour  |       |     4 ||     4
       Summon Ice Beast  |       |     1 ||     1
  Use: Scroll            |       |    11 ||    11
       Potion            |       |     8 ||     8
 Stab: Sleeping          |     1 |     8 ||     9
  Eat: Chunk             |     1 |     7 ||     8
       Ration            |       |     1 ||     1
Armor: Robe              |    14 |     7 ||    21
       Leather armour    |       |    44 ||    44
Dodge: Dodged            |    37 |    93 ||   130
